 Dungeon Crawl Stone Soup version 0.27.1-33-g824d729ab1 (webtiles) character file.

Game seed: 14798220641417621533

170 Fortus the Shield-Bearer (level 5, -9/41 HPs)
             Began as a Formicid Fighter on Dec 11, 2021.
             Killed by nerve-wracking pain
             ... invoked by an orc priest
              (14 damage)
             ... on level 3 of the Dungeon.
             The game lasted 00:10:24 (3536 turns).

Fortus the Shield-Bearer (Formicid Fighter)         Turns: 3536, Time: 00:10:24

Health: -9/41      AC: 10    Str: 22    XL:     5   Next: 80%
Magic:  5/5        EV:  8    Int: 19    God:
Gold:   165        SH: 10    Dex: 10    Spells: 2/4 levels left

rFire    . . .     SeeInvis +   a - +0 long sword
rCold    . . .     Faith    .   c - +0 kite shield
rNeg     . . .     Spirit   .   b - +0 scale mail
rPois    .         Reflect  .   (helmet unavailable)
rElec    .         Harm     .   f - +0 cloak
rCorr    .         Rampage  .   n - +1 pair of gloves
Will     .....                  (no boots)
Stlth    ..........             (no amulet)
HPRegen  0.13/turn              d - +6 ring of intelligence
MPRegen  0.09/turn              o - +6 ring of intelligence

@: no status effects
A: permanent stasis, dig shafts and tunnels, antennae 3, four strong arms
a: Dig, Shaft Self


You were on level 3 of the Dungeon.
You visited 1 branch of the dungeon, and saw 3 of its levels.

You collected 165 gold pieces.

Inventory:

Hand Weapons
 a - a +0 long sword (weapon)
Armour
 b - a +0 scale mail (worn)
 c - a +0 kite shield (worn)
 f - a +0 cloak (worn)
 n - a +1 pair of gloves (worn)
Jewellery
 d - a +6 ring of intelligence (left hand)
 o - a +6 ring of intelligence (right hand)
Scrolls
 e - a scroll of silence {unknown}
 i - a scroll of noise {unknown}
 k - a scroll of acquirement {unknown}
 m - 2 scrolls of identify {unknown}
Potions
 h - a potion of berserk rage {unknown}
 j - a potion of flight {unknown}
 l - a potion of haste {unknown}
 p - a potion of ambrosia {unknown}


   Skills:
 - Level 3.2 Fighting
 * Level 4.7 Long Blades
 - Level 3.2 Armour
 + Level 5.0 Shields


You had 2 spell levels left.
You knew the following spells:

 Your Spells              Type           Power      Damage    Failure   Level
a - Wereblood             Tmut           0%         N/A       88%         2

Your spell library contained the following spells:

 Spells                   Type           Power      Damage    Failure   Level
 Sublimation of Blood     Necr           0%         N/A       88%         2
 Call Canine Familiar     Summ           0%         N/A       98%         3
 Portal Projectile        Hex/Tloc       0%         N/A       98%         3
 Leda's Liquefaction      Hex/Erth       0%         N/A       100%        4
 Freezing Cloud           Conj/Ice/Air   0%         6-21      100%        5
 Simulacrum               Ice/Necr       0%         N/A       100%        6
 Summon Hydra             Summ           0%         N/A       100%        7
 Polar Vortex             Ice            0%         N/A       100%        9


Dungeon Overview and Level Annotations

Branches:
Dungeon (3/15)

Altars:
Sif Muna


Innate Abilities, Weirdness & Mutations

You cannot be hasted, slowed, berserked, paralysed or teleported.
You can dig through walls and to a lower floor.
You have a pair of large antennae on your head. (SInv)
Your four strong arms can wield two-handed weapons with a shield.


Message History

The orc priest closely misses you.
You slash the orc priest!
The orc priest is heavily wounded.
The hobgoblin barely misses you.
You riposte.
You hit the hobgoblin.
The hobgoblin is heavily wounded.
You block the orc's attack.
The orc priest invokes the aid of Beogh against you.
Beogh smites you!
* * * LOW HITPOINT WARNING * * *
The hobgoblin barely misses you. The orc hits you with a +4 whip.
* * * LOW HITPOINT WARNING * * *
The orc priest hits you but does no damage.
You hit the orc priest but do no damage.
The orc priest is heavily wounded.
The hobgoblin hits you.
* * * LOW HITPOINT WARNING * * *
You block the orc priest's attack. The orc hits you with a +4 whip.
* * * LOW HITPOINT WARNING * * *
You hit the orc priest but do no damage.
The orc priest is heavily wounded.
The hobgoblin hits you.
* * * LOW HITPOINT WARNING * * *
The orc hits you but does no damage.
The orc priest calls down the wrath of Beogh upon you.
You struggle to resist.
It was a potion of curing.
You feel better. You block the hobgoblin's attack.
The orc hits you with a +4 whip.
* * * LOW HITPOINT WARNING * * *
The orc priest looks satisfied for a moment.
You slash the orc priest!
The orc priest is almost dead.
The hobgoblin closely misses you.
You riposte.
You barely miss the hobgoblin.
The hobgoblin is heavily wounded.
You block the orc priest's attack. The orc hits you with a +4 whip.
* * * LOW HITPOINT WARNING * * *
The hobgoblin hits you but does no damage.
The orc hits you but does no damage. The orc priest closely misses you.
The orc priest mumbles some strange prayers to Beogh against you.
Pain shoots through your body!
You die...

....#...... ..................
...#.....# .................
...#.....# ................
##.#.....###+#'#.......r.....
.>..........................
..#####.#.##.###................
................................
...####.#............?..........
#.##......@og.............
#.##.#.####)#.............
##+####.##+#.# #o.#.............
#............# #..##....).......
#............# #..##............
#............# #..##............
#.........†..# #..##............
#.......##+#'###..##............
...............#..##............


You could see an orc priest and a hobgoblin.

Vanquished Creatures
  A scorpion (D:2)
  Robin (D:2)
  2 adders
  2 worms (D:2)
  A dart slug (D:1)
  2 orcs (D:3)
  2 bats (D:1)
  4 endoplasms
  2 giant cockroaches (D:1)
  13 goblins
  9 hobgoblins
  2 jackals (D:3)
  7 kobolds
  7 quokkas
  6 ball pythons
  A frilled lizard (D:1)
  A rat (D:1)
63 creatures vanquished.

Notes
Turn   | Place    | Note
-------+----------+-------------------------------------------
     0 | D:1      | Fortus the Formicid Fighter began the quest for the Orb.
     0 | D:1      | Reached XP level 1. HP: 18/18 MP: 1/1
   164 | D:1      | Reached XP level 2. HP: 24/24 MP: 2/2
   364 | D:1      | Reached skill level 4 in Shields
   423 | D:1      | Reached XP level 3. HP: 20/29 MP: 3/3
   952 | D:1      | Found a faded altar of an unknown god.
  1677 | D:2      | Reached XP level 4. HP: 20/35 MP: 4/4
  1828 | D:2      | Noticed a scorpion
  1928 | D:2      | Found a shimmering blue altar of Sif Muna.
  2027 | D:2      | Noticed Robin
  2049 | D:2      | Killed Robin
  2611 | D:2      | Learned a level 2 spell: Wereblood
  2749 | D:2      | Killed a scorpion
  2750 | D:2      | Reached XP level 5. HP: 19/41 MP: 5/5
  3278 | D:3      | Reached skill level 5 in Shields
  3533 | D:3      | HP: 2/41 [hobgoblin (1)]
  3536 | D:3      | Killed from afar by an orc priest

Illustrated notes

Levels and vault maps discovered:
D:1:      kilobyte_arrival_exit_the_forest, layout_basic,
          dreamdust_ecumenical_altar_angels_and_demons
D:2:      layout_basic, basic_altar, minmay_quadrilaterals, uniq_robin
D:3:      layout_basic, grunt_temple_overflow_magic_moments, minmay_bisected,
          uniq_sigmund

Skill      XL: |  1  2  3  4  5 |
---------------+----------------+-----
Shields        | 4 5 |  5.0
Long Blades    | 3 4 |  4.7
Fighting       | |  3.2
Armour         | |  3.2

Action                   |  1- 3 |  4- 6 || total
-------------------------+-------+-------++-------
Melee: Long sword        |    89 |   118 ||   207
  Use: Potion            |       |     2 ||     2
Armor: Scale mail        |    37 |    48 ||    85
Dodge: Dodged            |    23 |    49 ||    72
Block: Kite shield       |    42 |    74 ||   116
       Rpst.: Long sword |     7 |    15 ||    22
